 Dungeon Crawl Stone Soup version 0.27.0-1-g7a089689b8 (webtiles) character file.

Game seed: 10202066994716982154

84027 sobakacece the Severer (level 15, 0/141 HPs)
             Began as a Minotaur Fighter on Aug 15, 2021.
             Was a High Priest of Okawaru.
             Slain by a hog (10 damage)
             ... led by Kirke
             ... on level 13 of the Dungeon.
             The game lasted 00:49:19 (22566 turns).

sobakacece the Severer (Minotaur Fighter)          Turns: 22566, Time: 00:49:19

Health: 0/141      AC:  0    Str: 26    XL:     15   Next: 34%
Magic:  21/21      EV: 13    Int:  5    God:    Okawaru [*****.]
Gold:   867        SH:  0    Dex: 11    Spells: 14/14 levels left

rFire    . . .     SeeInvis .   (weapon currently unavailable)
rCold    . . .     Faith    .   (shield currently unavailable)
rNeg     . . .     Spirit   .   (armour currently unavailable)
rPois    .         Reflect  .   (helmet currently unavailable)
rElec    .         Harm     .   (cloak currently unavailable)
rCorr    .         Rampage  .   (gloves currently unavailable)
Will     +....                  (boots currently unavailable)
Stlth    +.........             E - amulet of regeneration
HPRegen  1.33/turn              (ring currently unavailable)
MPRegen  0.17/turn              (ring currently unavailable)

@: pig-form, slowed
A: fast, no casting, small, (horns 2), (retaliatory headbutt)
a: Renounce Religion, Heroism, Finesse


You were on level 13 of the Dungeon.
You worshipped Okawaru.
Okawaru was extremely pleased with you.
You were a filthy swine.
You visited 3 branches of the dungeon, and saw 21 of its levels.
You also visited: Ossuary.

You collected 2304 gold pieces.
You spent 1437 gold pieces at shops.

Inventory:

Hand Weapons
 b - a +7 vorpal broad axe (melded)
 j - the +6 war axe "Baoqif" {drain, *Rage MP+9 Str+9 Int+6}
   (You bought it in a shop on level 2 of the Orcish Mines)

   A truly terrible weapon, it drains the life of any living foe it strikes.
   Str:       It affects your strength (+9).
   Int:       It affects your intelligence (+6).
   MP:        It affects your magic capacity (+9).
   *Rage:     It may make you go berserk in combat.
 m - a +1 vampiric bardiche
 s - a +4 hand axe
 M - a +2 battleaxe of draining
Missiles
 g - 2 throwing nets
Armour
 h - a +1 buckler of poison resistance (melded)
 t - a +0 pair of boots of rampaging (melded)
 u - a +1 cloak of preservation (melded)
 I - a +0 plate armour (melded)
 X - a +2 pair of gloves of dexterity (melded)
Jewellery
 e - the ring of Vehumet's Favour (melded) {Fire rElec SInv}
   (You acquired it on level 4 of the Dungeon)

   [ring of fire]

   It enhances your fire magic.
   rF:        It protects you from fire.
   rC:        It makes you vulnerable to cold.
   rElec:     It insulates you from electricity.
   SInv:      It lets you see invisible.
 o - a +6 ring of strength (melded)
 r - a ring of wizardry
 E - an amulet of regeneration (around neck)
 L - a ring of poison resistance
 S - a +4 ring of slaying
Wands
 n - a wand of polymorph (17)
 p - a wand of paralysis (11)
 q - a wand of flame (29)
 G - a wand of charming (8)
 J - a wand of mindburst (12)
 P - a wand of acid (5)
Scrolls
 f - a scroll of silence {unknown}
 x - a scroll of enchant armour
 y - 5 scrolls of fog
 A - 7 scrolls of identify
 B - a scroll of amnesia
 F - a scroll of blinking
 T - 2 scrolls of magic mapping
 U - a scroll of summoning
Potions
 a - a potion of invisibility
 d - a potion of might
 i - 2 potions of haste
 k - 5 potions of lignification
 v - a potion of heal wounds
 w - 5 potions of attraction
 z - 6 potions of mutation
 C - 2 potions of flight
 H - 2 potions of magic
 N - 14 potions of degeneration
 O - a potion of ambrosia
 R - a potion of berserk rage
 V - 4 potions of curing
 Z - 2 potions of brilliance
Miscellaneous
 c - a phantom mirror
 Q - a phial of floods (quivered)


   Skills:
 - Level 15.0 Fighting
 - Level 20.0 Axes
 + Level 10.3 Armour
 + Level 4.4 Shields
 - Level 10.0 Invocations
 + Level 10.1 Evocations


You had 14 spell levels left.
You didn't know any spells.
Your spell library contained the following spells:

 Spells                   Type           Power      Damage    Failure   Level
 Shock                    Conj/Air       0%         1d3       47%         1
 Static Discharge         Conj/Air       0%         N/A       63%         2
 Call Canine Familiar     Summ           0%         N/A       85%         3
 Gell's Gravitas          Tloc           0%         N/A       85%         3
 Ozocubu's Armour         Ice            0%         N/A       85%         3
 Portal Projectile        Hex/Tloc       0%         N/A       85%         3
 Stone Arrow              Conj/Erth      0%         3d7       85%         3
 Swiftness                Air            0%         N/A       85%         3
 Teleport Other           Tloc           0%         N/A       85%         3
 Airstrike                Air            0%         N/A       99%         4
 Dispel Undead            Necr           0%         3d6       99%         4
 Leda's Liquefaction      Hex/Erth       0%         N/A       99%         4
 Sticky Flame             Conj/Fire      0%         2d3       99%         4
 Summon Lightning Spire   Summ/Air       0%         N/A       99%         4
 Bolt of Magma            Conj/Fire/Erth 0%         4d4       100%        5
 Lightning Bolt           Conj/Air       0%         1d11      100%        5
 Metabolic Englaciation   Hex/Ice        0%         N/A       100%        5
 Conjure Ball Lightning   Conj/Air       0%         3x3d6     100%        6
 Dispersal                Tloc           0%         N/A       100%        6
 Simulacrum               Ice/Necr       0%         N/A       100%        6
 Discord                  Hex            0%         N/A       100%        8
 Disjunction              Tloc           0%         N/A       100%        8
 Shatter                  Erth           0%         3d5*      100%        9


Dungeon Overview and Level Annotations

Branches:
Dungeon (13/15)            Temple (0/1) D:7            Lair (6/6) D:9
 Shoals (0/4) Lair:2       Spider (0/4) Lair:2          Orc (2/2) D:10
    Elf (0/3) Orc:2        Vaults (0/5) D:13        Ossuary (visited)
  Slime: Lair:5-6

Altars:
Cheibriados
Elyvilon
Gozag
Kikubaaqudgha
Nemelex Xobeh
Okawaru
Sif Muna
Trog
Zin
Beogh

Shops:
D:8 *   Orc:2 *:*((

Annotations:
D:13 Kirke
Lair:5 exclusion: oklob plant
Lair:6 exclusion: 2 oklob plants


Innate Abilities, Weirdness & Mutations

You are a filthy swine.
You move quickly.
Your equipment is almost entirely melded.
You are incapable of wielding weapons or throwing items.
You cannot cast spells.
((You have a pair of horns on your head.))
((You reflexively headbutt those who attack you in melee.))


Message History

You feel clumsy.
You no longer feel able to rampage towards enemies.
You no longer feel resistant to poison.
You feel weaker.
You see here a hog corpse.
Things that are here:
a +0 shortbow; 10 arrows; a centaur corpse
Things that are here:
a +0 shortbow; 18 arrows; a centaur corpse Deactivating autopickup; reactivate with Ctrl-A.
Something tries to affect you, but you resist.
There is a large open door here.
You see here 6 large rocks.
You start waiting.
A hog is nearby!
There are monsters nearby!
The hog bites you! The hog bites you.
The death knight shouts!
Kirke mumbles some strange words.
Kirke summons a lindwurm!
The death knight hits you from afar with a +0 glaive!!
Kirke mumbles some strange words.
Kirke summons a manticore!
The death knight hits you from afar with a +0 glaive!!
The hog squeals angrily.
The freezing wraith hits you. The freezing wraith freezes you!
The freezing wraith hits you. The freezing wraith drains your vigour!
You feel yourself slow down.
The death knight offers itself to Yredelemnul, and fills with unholy energy.
The freezing wraith misses you. The freezing wraith hits you!
The death knight hits you with a +0 glaive!!
* * * LOW HITPOINT WARNING * * *
Kirke gestures wildly while chanting.
Kirke flickers and vanishes!
The hog bites you.
* * * LOW HITPOINT WARNING * * *
The death knight hits you from afar with a +0 glaive!!
* * * LOW HITPOINT WARNING * * *
The hog misses you. The hog bites you!
You die...

##..# #..##..#
#........## ...##
##.....###........#
.###
#...####^.......##
##
##..####....#...#
###
##..##....##..##
..## ##..#....#####
...## ##.....##
....##
##....########
.....##
##.hh.......#
......#
###h#########
......# ##.#p##
.....## ###..W..#
.....# ##.H.....##
....##
##.......#.## ...##
##........#..# ####
##........###.##
#.........# #..#


You could see a death knight (reflects damage), a freezing wraith and 2 hogs.

Vanquished Creatures
  An orc warlord (Orc:2)
  An ironbound preserver (D:13)
  A dire elephant (Lair:6)
  Harold (D:8)
  Fannar (Lair:3)
  2 boulder beetles
  10 hydras
  2 catoblepae (Lair:6)
  2 centaur warriors (D:13)
  7 two-headed ogres
  Erica (D:8)
  An orc high priest (Orc:2)
  Nergalle (D:10)
  A lindwurm (Lair:6)
  Pikel (D:9)
  2 ugly things
  6 orc sorcerers
  An oklob plant (Lair:6)
  A cyclops (D:13)
  12 elephants
  4 manticores
  Maurice (D:8)
  8 black mambas
  A merfolk siren (Lair:2)
  15 cane toads
  An eye of devastation (shapeshifter) (D:13)
  2 torpor snails (Lair:6)
  3 rime drakes
  A gargoyle (D:11)
  8 komodo dragons
  Maggie (Lair:1)
  2 kobold demonologists (D:12)
  A freezing wraith (D:13)
  5 trolls
  2 hornets (D:9)
  11 polar bears
  11 slime creatures
  A raiju (Lair:6)
  26 blink frogs
  7 dream sheep (Lair:3)
  3 wraiths
  A shadow (D:12)
  A vampire (D:10)
  4 hogs (D:13)
  4 wyverns
  44 yaks
  5 basilisks
  2 vampire mosquitoes (D:11)
  A steam dragon (D:8)
  21 water moccasins
  5 wargs
  16 hell hounds (Lair:6)
  3 acid dragons
  11 black bears (Lair:6)
  A swamp drake (D:10)
  19 orc warriors
  2 sky beasts (D:6)
  An ice beast (D:8)
  31 wolves
  A necrophage (D:7)
  8 ogres
  13 centaurs
  2 phantoms
  3 kobold brigands
  9 bullfrogs
  3 gnoll sergeants
  5 scorpions
  19 killer bees
  A water moccasin skeleton (D:4)
  13 wights
  A howler monkey (D:13)
  3 electric eels
  A bullfrog zombie (D:5)
  6 centaur zombies
  9 hounds
  2 jellies
  4 bullfrog skeletons
  22 orc priests
  A centaur skeleton (D:5)
  3 iguanas
  38 orc wizards
  A hell rat (Lair:6)
  A killer bee zombie (D:7)
  A hound skeleton (D:4)
  2 mummies (Ossuary)
  2 howler monkey zombies
  10 adders
  20 gnolls
  A white imp (D:7)
  3 adder zombies (Ossuary)
  6 worms
  A dart slug (D:2)
  60 orcs
  8 bats
  10 endoplasms
  6 giant cockroaches
  11 goblins
  7 hobgoblins
  15 jackals
  4 quokkas
  3 ball pythons
  4 frilled lizards
  2 goblin zombies (Ossuary)
  6 hobgoblin zombies (Ossuary)
  A jackal skeleton (D:4)
  3 jackal zombies
  21 kobolds
  14 kobold zombies
  8 orc zombies (Ossuary)
  9 rats
  3 rat zombies (Ossuary)
751 creatures vanquished.

Vanquished Creatures (others)
  38 fungi
  38 plants
76 creatures vanquished.

Grand Total: 827 creatures vanquished

Notes
Turn   | Place    | Note
-------+----------+-------------------------------------------
     0 | D:1      | sobakacece the Minotaur Fighter began the quest for the
                  | Orb.
     0 | D:1      | Reached XP level 1. HP: 19/19 MP: 0/0
    80 | D:1      | Reached skill level 3 in Axes
   211 | D:1      | Reached XP level 2. HP: 26/26 MP: 1/1
   431 | D:1      | Reached skill level 4 in Axes
   643 | D:1      | Reached XP level 3. HP: 31/31 MP: 2/2
  1244 | D:2      | Reached skill level 5 in Axes
  1366 | D:2      | Reached XP level 4. HP: 39/39 MP: 3/3
  1572 | D:2      | You fall into a shaft and drop 2 floors!
  1583 | D:4      | Reached skill level 6 in Axes
  1750 | D:4      | Found a sand-covered staircase.
  1760 | Ossuary  | Entered an ossuary
  1826 | Ossuary  | Reached XP level 5. HP: 45/45 MP: 4/4
  2138 | D:4      | Noticed an ogre
  2146 | D:4      | Killed an ogre
  2147 | D:4      | Reached skill level 7 in Axes
  2147 | D:4      | Reached XP level 6. HP: 46/51 MP: 5/5
  2234 | D:4      | Found an iron altar of Okawaru.
  2239 | D:4      | Reached skill level 8 in Axes
  2304 | D:4      | Found a shimmering blue altar of Sif Muna.
  2344 | D:4      | Became a worshipper of Warmaster Okawaru
  3483 | D:4      | Reached skill level 9 in Axes
  3548 | D:4      | Reached XP level 7. HP: 57/57 MP: 6/6
  3691 | D:4      | Found a bloodstained altar of Trog.
  3774 | D:5      | Entered Level 5 of the Dungeon
  3792 | D:5      | Reached skill level 10 in Axes
  3958 | D:4      | Identified a scroll of acquirement
  3958 | D:4      | Acquired the ring of Vehumet's Favour {Fire rElec SInv}
  4160 | D:5      | Reached * piety under Okawaru
  4198 | D:5      | Noticed a yak
  4198 | D:5      | Noticed a yak
  4198 | D:5      | Noticed a yak
  4198 | D:5      | Noticed a yak
  4198 | D:5      | Noticed a yak
  4198 | D:5      | Noticed a yak
  4242 | D:5      | Killed a yak
  4243 | D:5      | Reached skill level 11 in Axes
  4243 | D:5      | Reached XP level 8. HP: 49/64 MP: 7/7
  4249 | D:5      | Reached skill level 12 in Axes
  4250 | D:5      | Reached ** piety under Okawaru
  4261 | D:5      | Reached skill level 13 in Axes
  4788 | D:5      | Reached XP level 9. HP: 70/70 MP: 8/8
  4855 | D:5      | Found a sparkling altar of Nemelex Xobeh.
  5088 | D:6      | Reached skill level 14 in Axes
  5094 | D:6      | Reached *** piety under Okawaru
  5421 | D:6      | Found a snail-covered altar of Cheibriados.
  5755 | D:6      | Reached skill level 15 in Axes
  5970 | D:7      | Found a staircase to the Ecumenical Temple.
  5976 | D:7      | Reached skill level 1 in Invocations
  5987 | D:6      | Reached skill level 1 in Evocations
  6846 | D:7      | Found an ancient bone altar of Kikubaaqudgha.
  7070 | D:7      | Reached **** piety under Okawaru
  7132 | D:7      | Found a glowing silver altar of Zin.
  7197 | D:7      | Reached skill level 5 in Fighting
  7401 | D:8      | Reached skill level 5 in Armour
  7405 | D:8      | Reached XP level 10. HP: 76/81 MP: 10/10
  7817 | D:8      | Noticed Erica
  7827 | D:8      | Killed Erica
  8082 | D:8      | Identified the +6 great sword of Subjectivity {vorpal,
                  | Will++}
  8204 | D:8      | Found Syzu's Assorted Antiques.
  8421 | D:8      | Noticed Maurice
  8432 | D:8      | Killed Maurice
  8805 | D:9      | Noticed Pikel
  8809 | D:9      | Killed Pikel
  8809 | D:9      | Reached ***** piety under Okawaru
  8873 | D:9      | Paralysed by a hornet for 2 turns
  8878 | D:9      | Received a gift from Okawaru
  8879 | D:9      | Reached skill level 5 in Invocations
  8935 | D:9      | Found a staircase to the Lair.
  9012 | D:9      | Noticed Harold
  9036 | D:8      | Killed Harold
  9037 | D:8      | Reached XP level 11. HP: 20/93 MP: 11/14
  9242 | D:9      | Reached skill level 5 in Evocations
  9264 | D:9      | Found a white marble altar of Elyvilon.
  9503 | D:9      | Found an opulent altar of Gozag.
  9747 | D:10     | Entered Level 10 of the Dungeon
 10100 | D:10     | Noticed Nergalle
 10113 | D:10     | Killed Nergalle
 10263 | D:10     | Received a gift from Okawaru
 10268 | D:10     | Noticed a two-headed ogre
 10274 | D:10     | Killed a two-headed ogre
 10664 | D:10     | Found a staircase to the Orcish Mines.
 10997 | Lair:1   | Entered Level 1 of the Lair of Beasts
 11131 | Lair:1   | Noticed Maggie
 11150 | Lair:1   | Killed Maggie
 11962 | Lair:2   | Reached skill level 10 in Fighting
 11962 | Lair:2   | Reached skill level 10 in Armour
 11964 | Lair:2   | Identified the +1 pair of boots "Plog" {rElec Dex+4}
                  | (Okawaru gifted it to you on level 2 of the Lair of Beasts)
 11964 | Lair:2   | Received a gift from Okawaru
 11974 | Lair:2   | Reached XP level 12. HP: 81/106 MP: 14/17
 12211 | Lair:2   | You fall into a shaft and drop 2 floors!
 12245 | Lair:4   | Reached skill level 10 in Invocations
 12919 | Lair:4   | Noticed an eight-headed hydra
 12931 | Lair:4   | Killed an 11-headed hydra
 13587 | Lair:3   | Noticed Fannar
 13599 | Lair:3   | Killed Fannar
 13871 | Lair:3   | Received a gift from Okawaru
 13969 | Lair:3   | Reached XP level 13. HP: 115/116 MP: 19/19
 14090 | Lair:3   | Reached skill level 16 in Axes
 14465 | Lair:2   | Found a hole to the Spider Nest.
 14510 | Lair:2   | Found a staircase to the Shoals.
 15520 | Lair:6   | Entered Level 6 of the Lair of Beasts
 15587 | Lair:6   | Reached ****** piety under Okawaru
 15914 | Lair:6   | Received a gift from Okawaru
 16427 | Lair:6   | Reached skill level 17 in Axes
 16666 | Lair:6   | HP: 5/122 [rime drake/flash freeze (30)]
 16676 | Lair:6   | Received a gift from Okawaru
 16758 | Lair:6   | Reached XP level 14. HP: 112/129 MP: 20/20
 17460 | Lair:6   | Received a gift from Okawaru
 17811 | Lair:6   | Reached skill level 10 in Evocations
 18105 | Orc:1    | Entered Level 1 of the Orcish Mines
 18134 | Orc:1    | Reached skill level 18 in Axes
 18290 | Orc:2    | Entered Level 2 of the Orcish Mines
 18290 | Orc:2    | Found a staircase to the Elven Halls.
 18302 | Orc:2    | Paralysed by an orc sorcerer for 2 turns
 18303 | Orc:2    | Noticed an orc warlord
 18498 | Orc:2    | Killed an orc warlord
 18871 | Orc:2    | Received a gift from Okawaru
 18879 | Orc:2    | Reached skill level 15 in Fighting
 19199 | Orc:2    | Found Xucs's Weapon Shop.
 19199 | Orc:2    | Found Meukes's General Store.
 19200 | Orc:2    | Found Onarases's Book Boutique.
 19204 | Orc:2    | Found Ymniqey's Weapon Shop.
 19238 | Orc:2    | Bought the +6 war axe "Baoqif" {drain, *Rage MP+9 Str+9
                  | Int+6} for 1190 gold pieces
 19284 | Orc:2    | Bought a +1 cloak of preservation for 247 gold pieces
 19356 | Orc:2    | Found Ruko's Mayhem Merchandise.
 19950 | D:11     | You fall into a shaft and drop 1 floor!
 19966 | D:12     | Reached skill level 19 in Axes
 20156 | D:12     | Reached XP level 15. HP: 94/141 MP: 18/21
 22315 | D:13     | Found a gate to the Vaults.
 22320 | D:13     | Reached skill level 20 in Axes
 22474 | D:13     | Noticed Kirke
 22566 | D:13     | Slain by a hog

Illustrated notes

Levels and vault maps discovered:
D:1:      minmay_arrival_checkered_box, layout_basic
D:2:      layout_loops_ring, serial_bayou_pond_c, hangedman_feature_mirror
D:3:      minmay_spotlight, layout_basic
D:4:      layout_rooms, trog_book, jmf_multi_god_temple, enter_ossuary_3,
          st_stairs_1
D:5:      layout_gridville, grunt_ministairs_12, kennysheep_flooded_box
D:6:      layout_gridville, slow_altar_2
D:7:      layout_loops_ring, nicolae_kikubaaqudgha_miasma_corner, zin_treasury,
          minmay_temple_entry_offerings, ebering_dispersal_statue_hall
D:8:      layout_layer_cave, serial_shops, shop, nrook_loot_triangle,
          mrwooster_statue_mirror, minmay_misc_feat_secret_circle, uniq_erica,
          uniq_maurice
D:9:      layout_loops_ring, elyvilon_altar_5, grunt_gozag_statues,
          erik_lair_island, uniq_pikel, uniq_harold
D:10:     layout_small_grid, erik_orc_1, nicolae_benzene_ring, uniq_nergalle
D:11:     layout_cross
D:12:     layout_long_grid
D:13:     layout_cave_pods, skrybe_vaults_entry_preservation, uniq_kirke,
          uniq_frances
Lair:1:   layout_gridlike, uniq_maggie
Lair:2:   layout_misc_corridors, elwin_shoals_entry_rooms,
          spider_nest_entry_web_field
Lair:3:   layout_cave_pods, lemuel_fruit_tree, grunt_megastairs_1,
          lemuel_fruit_fields, lemuel_fruit_fields, uniq_fannar
Lair:4:   layout_small_grid
Lair:5:   layout_long_grid, chequers_serial_rivers_large_a,
          minmay_lair_oklob_chamber
Lair:6:   hangedman_lair_in_review, layout_gridlike,
          hangedman_lair_caniforms_friends, minmay_slime_entry_oklob_enclosed,
          infiniplex_staircase_pool
Orc:1:    layout_diamond_mine
Orc:2:    st_orc_mages, layout_caves, basic_altar, minmay_shop_mayhem,
          nicolae_orc_stony_grotto

Skill      XL: |  1  2  3  4  5  6  7  8  9 10 11 12 13 14 15 |
---------------+----------------------------------------------+-----
Axes           | 3 4 5 6 7 9 11 13 15 17 19 20 | 20.0
Fighting       | 5 7 10 11 13 15 | 15.0
Armour         | 5 7 10 | 10.3
Invocations    | 2 5 8 10 | 10.0
Evocations     | 2 4 5 6 9 10 | 10.1
Shields        | 4 |  4.4

Action                   |  1- 3 |  4- 6 |  7- 9 | 10-12 | 13-15 || total
-------------------------+-------+-------+-------+-------+-------++-------
Melee: War axe           |    83 |   214 |   280 |    70 |    18 ||   665
       Headbutt          |    13 |    45 |    61 |   108 |   212 ||   439
       Great sword       |       |       |       |    87 |       ||    87
       Battleaxe         |       |       |       |   344 |   423 ||   767
       Broad axe         |       |       |       |       |   315 ||   315
Throw: Throwing net      |       |     1 |       |       |       ||     1
Invok: Heroism           |       |       |     1 |     7 |     8 ||    16
       Finesse           |       |       |       |     1 |     6 ||     7
Evoke: Wand              |       |     2 |     2 |    11 |    29 ||    44
  Use: Scroll            |       |     6 |    10 |     7 |    15 ||    38
       Potion            |       |       |     3 |     5 |     6 ||    14
 Stab: Held in net/web   |       |     1 |       |       |       ||     1
       Paralysed         |       |     2 |       |     4 |    12 ||    18
       Distracted        |       |       |     1 |       |     1 ||     2
       Petrified         |       |       |       |       |     1 ||     1
Armor: Scale mail        |    30 |    84 |       |       |       ||   114
       Chain mail        |       |     8 |   104 |   187 |       ||   299
       Plate armour      |       |       |       |   136 |   523 ||   659
Dodge: Dodged            |    29 |    55 |    58 |   226 |   290 ||   658
Block: Kite shield       |    48 |   100 |   122 |    27 |       ||   297
       Buckler           |       |       |       |       |   105 ||   105
       Rpst.: Great sword |       |       |       |    13 |       ||    13
